 Dungeon Crawl Stone Soup version 0.25.0-9-g26727b6 (webtiles) character file.

Game seed: 9930649601934240655

13099 shmeve the Fighter (level 11, -6/99 (100) HPs)
             Began as a Minotaur Berserker on June 16, 2020.
             Was a High Priest of Trog.
             Mangled by a komodo dragon (18 damage)
             ... on level 1 of the Lair of Beasts on June 17, 2020.
             The game lasted 00:19:17 (9919 turns).

shmeve the Fighter (Minotaur Berserker)             Turns: 9919, Time: 00:19:18

HP:   -6/99 (100)   AC: 17    Str: 23    XL:     11   Next: 71%
MP:   10/10         EV: 10    Int:  5    God:    Trog [*****.]
Gold: 608           SH:  6    Dex: 11    Spells: 10/10 levels left

rFire    . . .     SeeInvis .   y - +6 war axe (vorpal)
rCold    . . .     Gourm    .   w - +0 buckler
rNeg     . . .     Faith    .   n - +0 plate armour
rPois    +         Spirit   .   (helmet restricted)
rElec    .         Reflect  .   t - +0 cloak
rCorr    .         Harm     .   (no gloves)
MR       .....                  v - +0 pair of boots
Stlth    ..........             z - amulet of the acrobat
HPRegen  0.26/turn              d - ring of poison resistance
MPRegen  0.12/turn              j - ring of poison resistance

@: berserk cooldown, slowed, very slow
A: retaliatory headbutt, horns 2
a: Berserk, Trog's Hand, Brothers in Arms, Renounce Religion


You were on level 1 of the Lair of Beasts.
You worshipped Trog.
Trog was extremely pleased with you.
You were very hungry.

You visited 3 branches of the dungeon, and saw 12 of its levels.

You collected 608 gold pieces.

Inventory:

Hand Weapons
 y - a +6 vorpal war axe (weapon)
 F - a +3 war axe of flaming
Missiles
 e - 9 boomerangs (quivered)
 x - 4 throwing nets
Armour
 n - a +0 plate armour (worn)
 t - a +0 cloak (worn)
 v - a +0 pair of boots (worn)
 w - a +0 buckler (worn)
Jewellery
 d - a ring of poison resistance (left hand)
 j - a ring of poison resistance (right hand)
 z - an amulet of the acrobat (around neck)
Wands
 h - a wand of paralysis (9)
 o - a wand of flame (37)
 H - a wand of iceblast (17)
 I - a wand of disintegration (9)
Scrolls
 b - a scroll of fear {unknown}
 f - 2 scrolls of enchant armour {unknown}
 g - 4 scrolls of identify
 i - 4 scrolls of teleportation {unknown}
 k - 2 scrolls of magic mapping {unknown}
 l - a scroll of amnesia {unknown}
 m - 3 scrolls of remove curse {unknown}
 p - a scroll of brand weapon {unknown}
 q - 2 scrolls of random uselessness {unknown}
 u - 2 scrolls of enchant weapon {unknown}
Potions
 a - a potion of ambrosia {unknown}
 r - 3 potions of stabbing {unknown}
 s - 6 potions of curing
 A - a potion of degeneration {unknown}
 B - a potion of lignification {unknown}
 C - a potion of resistance {unknown}
 D - a potion of heal wounds {unknown}
 E - a potion of haste {unknown}
 G - 3 potions of mutation {unknown}
 J - 2 potions of brilliance {unknown}
Comestibles
 c - 27 rations
 K - 2 chunks of flesh


   Skills:
 * Level 10.3 Fighting
 + Level 9.0 Axes
 * Level 8.5 Throwing
 + Level 9.3 Armour
 + Level 8.6 Dodging
 * Level 9.6 Shields


You had 10 spell levels left.
You didn't know any spells.
Your spell library was empty.

Dungeon Overview and Level Annotations

Branches:
Dungeon (10/15)            Temple (1/1) D:7            Lair (1/6) D:10
    Orc: D:9-12

Altars:
Ashenzari
Cheibriados
Dithmenos
Elyvilon
Fedhas
Gozag
Hepliaklqana
Kikubaaqudgha
Makhleb
Nemelex Xobeh
Okawaru
Qazlal
Ru
Sif Muna
Trog
Uskayaw
Vehumet
Wu Jian
Xom
Yredelemnul
Zin
The Shining One
Beogh

Annotations:
D:3 1 runed translucent door


Innate Abilities, Weirdness & Mutations

You reflexively headbutt those who attack you in melee.
You have a pair of horns on your head.


Message History

You hit the komodo dragon.
The komodo dragon is heavily wounded.
You slash the fungus!
The komodo dragon bites you but does no damage.
The komodo dragon bites you!
You hit the komodo dragon.
The komodo dragon is severely wounded.
You slash the fungus! The komodo dragon bites you!
* * * LOW HITPOINT WARNING * * *
You closely miss the komodo dragon.
You headbutt the komodo dragon, but do no damage.
The komodo dragon is severely wounded.
You slash the fungus!
You destroy the fungus!
The komodo dragon closely misses you. The komodo dragon bites you.
* * * LOW HITPOINT WARNING * * *
You barely miss the komodo dragon.
The komodo dragon is severely wounded.
You block the komodo dragon's attack. The komodo dragon bites you!!
You die...

.... ... . ... .. ..#
..##.P##+#.....#
..........#....#
........#....##
......#.....#
..+###.l........###.
.......@.....$.....
........)..........
..........#(#.P!###
.........)..../...#
.........#........+
.............?....#
..)......#.....(..#
....#+#+####.#(##.#
#######.⌠.#...........


You could see a komodo dragon.

Vanquished Creatures
  Harold (D:8)
  Erica (D:9)
  A two-headed ogre (D:9)
  A tengu warrior (D:10)
  Urug (Lair:1)
  The ghost of Brutalitops the Covert, a novice OpWr (D:8)
  Maurice (D:9)
  Joseph (D:8)
  Psyche (D:9)
  Maggie (D:8)
  A tengu conjurer (D:10)
  A troll (D:8)
  3 blink frogs (Lair:1)
  2 hippogriffs
  The ghost of Dazliare the Sneak, an amateur KoTm of Uskayaw (D:3)
  Sigmund (D:3)
  A wyvern (D:10)
  Eustachio (D:6)
  Grum (Lair:1)
  3 black bears
  2 porcupines (D:10)
  4 orc warriors
  3 sky beasts
  A hornet zombie (D:6)
  An ice beast (D:7)
  An eye of draining (D:9)
  A phantom (D:8)
  A necrophage (D:9)
  3 wolves (Lair:1)
  4 ogres
  7 centaurs
  A crocodile (D:8)
  2 big kobolds
  7 bullfrogs
  A wyvern skeleton (D:6)
  5 scorpions
  A water moccasin skeleton (D:10)
  10 killer bees
  8 wights
  2 howler monkeys
  2 centaur zombies
  4 crimson imps
  2 jellies
  2 bullfrog zombies (D:10)
  4 hounds
  2 centaur skeletons
  5 orc wizards
  6 orc priests
  Crazy Yiuf (D:3)
  A bullfrog skeleton (D:5)
  Ijyb (D:3)
  2 iguanas
  8 worker ants
  2 hound zombies
  Robin (D:3)
  2 worker ant zombies (D:7)
  3 gnolls (D:5)
  A howler monkey skeleton (D:10)
  10 adders
  2 shadow imps
  An adder zombie (D:9)
  4 worms
  2 adder skeletons
  4 dart slugs
  7 leopard geckos
  46 orcs
  4 ball pythons
  4 giant cockroaches
  12 goblins
  16 hobgoblins
  16 jackals
  20 kobolds
  11 quokkas
  2 bats
  5 frilled lizards
  A leopard gecko skeleton (D:6)
  A quokka skeleton (D:8)
  6 rats
  A fungus (Lair:1)
  A plant (Lair:1)
315 creatures vanquished.

Notes
Turn   | Place    | Note
-------+----------+-------------------------------------------
     0 | D:1      | shmeve the Minotaur Berserker began the quest for the Orb.
     0 | D:1      | Reached XP level 1. HP: 19/19 MP: 0/0
    30 | D:1      | Reached XP level 2. HP: 26/27 MP: 1/1
   151 | D:1      | Reached skill level 4 in Fighting
   216 | D:1      | Reached ** piety under Trog
   340 | D:1      | Reached XP level 3. HP: 29/33 MP: 2/2
   906 | D:2      | Reached skill level 1 in Throwing
  1125 | D:2      | Reached XP level 4. HP: 33/41 MP: 3/3
  1314 | D:2      | Found a shimmering altar of Xom.
  1993 | D:3      | Noticed Ijyb
  2007 | D:3      | Noticed Sigmund
  2018 | D:3      | Killed Ijyb
  2022 | D:3      | Killed Sigmund
  2022 | D:3      | Reached skill level 5 in Fighting
  2022 | D:3      | Reached skill level 5 in Axes
  2022 | D:3      | Reached XP level 5. HP: 22/48 MP: 4/4
  2022 | D:3      | Reached XP level 6. HP: 26/56 MP: 5/5
  2262 | D:3      | Noticed Robin
  2274 | D:3      | Killed Robin
  2392 | D:3      | Found a runed translucent door.
  2393 | D:3      | Noticed Crazy Yiuf
  2554 | D:3      | Reached *** piety under Trog
  2570 | D:3      | Found a runed translucent door.
  2576 | D:3      | Noticed Dazliare's ghost (amateur KoTm)
  2589 | D:3      | Killed Dazliare's ghost
  2606 | D:3      | Found a runed translucent door.
  2940 | D:3      | Killed Crazy Yiuf
  2940 | D:3      | Reached skill level 6 in Fighting
  3091 | D:4      | Reached XP level 7. HP: 63/63 MP: 6/6
  3179 | D:4      | Found a glowing silver altar of Zin.
  3615 | D:4      | Reached skill level 1 in Shields
  3662 | D:5      | Entered Level 5 of the Dungeon
  4073 | D:5      | Reached skill level 5 in Armour
  4100 | D:5      | Reached XP level 8. HP: 56/71 MP: 7/7
  4245 | D:5      | Found a blossoming altar of Fedhas.
  4463 | D:5      | Reached **** piety under Trog
  4832 | D:6      | Reached skill level 5 in Dodging
  5292 | D:6      | Noticed Eustachio
  5303 | D:6      | Reached skill level 7 in Fighting
  5308 | D:6      | Killed Eustachio
  5308 | D:6      | Reached XP level 9. HP: 79/79 MP: 8/8
  5616 | D:6      | Found a sparkling altar of Nemelex Xobeh.
  5668 | D:6      | Reached ***** piety under Trog
  5668 | D:6      | Reached skill level 5 in Shields
  5843 | D:7      | Reached skill level 5 in Throwing
  6418 | D:7      | Found a radiant altar of Vehumet.
  6560 | D:7      | Found a staircase to the Ecumenical Temple.
  6566 | Temple   | Entered the Ecumenical Temple
  6679 | D:7      | Found a shattered altar of Ashenzari.
  6993 | D:8      | Noticed Harold
  7005 | D:8      | Killed Harold
  7005 | D:8      | Reached XP level 10. HP: 88/88 MP: 9/9
  7083 | D:8      | Found a hazy altar of Hepliaklqana.
  7244 | D:8      | Noticed Joseph
  7267 | D:8      | Killed Joseph
  7267 | D:8      | Reached skill level 8 in Fighting
  7385 | D:8      | Found an opulent altar of Gozag.
  7446 | D:8      | Found a runed translucent door.
  7446 | D:8      | Noticed Brutalitops's ghost (novice OpWr)
  7449 | D:8      | Noticed Maggie
  7462 | D:8      | Killed Maggie
  7516 | D:8      | Killed Brutalitops's ghost
  7522 | D:8      | Got an ichor-stained leather armour
  7523 | D:8      | Identified the cursed +0 leather armour "Byururghaaha"
                  | {rElec rPois rF- SInv} (You found it on level 8 of the
                  | Dungeon)
  7900 | D:9      | Received a gift from Trog
  8223 | D:9      | Found a roughly hewn altar of Beogh.
  8371 | D:9      | Noticed Erica
  8380 | D:9      | Killed Erica
  8380 | D:9      | Reached skill level 9 in Fighting
  8468 | D:9      | Noticed Maurice
  8468 | D:9      | Noticed a two-headed ogre
  8475 | D:9      | Killed a two-headed ogre
  8475 | D:9      | Reached XP level 11. HP: 96/96 MP: 10/10
  8477 | D:9      | Killed Maurice
  8647 | D:9      | Noticed Psyche
  8657 | D:9      | Killed Psyche
  8874 | D:10     | Entered Level 10 of the Dungeon
  8930 | D:10     | Noticed a tengu warrior
  8938 | D:10     | Killed a tengu warrior
  9112 | D:10     | Received a gift from Trog
  9458 | D:10     | Reached skill level 10 in Fighting
  9595 | D:10     | Found a staircase to the Lair.
  9709 | Lair:1   | Entered Level 1 of the Lair of Beasts
  9896 | Lair:1   | Noticed Urug
  9897 | Lair:1   | Noticed Grum
  9906 | Lair:1   | Killed Urug
  9911 | Lair:1   | Killed Grum
  9919 | Lair:1   | Mangled by a komodo dragon

Illustrated notes

Levels and vault maps discovered:
D:1:      grunt_arrival_crossed_arrows, layout_rooms, st_stairs_12
D:2:      layout_basic, lemuel_doored_altar, first_ration, serial_forest,
          infiniplex_forest_straight_3, infiniplex_forest_straight_4,
          infiniplex_forest_lined_2, infiniplex_forest_end_2,
          infiniplex_forest_clump_small, infiniplex_forest_clump_long,
          minmay_cut_off
D:3:      layout_loops_ring, ebering_ghost_sewer_f, uniq_sigmund, uniq_robin,
          uniq_ijyb, uniq_crazy_yiuf_cottage
D:4:      layout_loops_ring, lemuel_crystal_altar
D:5:      layout_loops_ring, fedhas_ov_isle_minmay
D:6:      layout_rooms, overflow_temple_1_default, uniq_eustachio
D:7:      layout_cave_pools, vehumet_altar_wand_db, kennysheep_mini_moat,
          minmay_temple_entry_enclosed_plants, grunt_ministairs_9
D:8:      layout_rooms, lemuel_coloured_pillars_altar, marbit_many_paths,
          gammafunk_ghost_grave, grunt_ogre_cave,
          hangedman_abyss_or_decor_stabs, uniq_harold, uniq_joseph, uniq_maggie
D:9:      layout_roguey [special_room_orc], uniq_maurice, uniq_erica,
          uniq_psyche
D:10:     layout_cross, grunt_lair_entry_orc_guard_hut
Temple:   jpeg_temple_clearing
Lair:1:   layout_chaotic_city, basic_altar, gammafunk_ghost_cemetery,
          patterned_corridor, grunt_megastairs_5, uniq_urug, uniq_fannar,
          uniq_grum

Skill      XL: |  1  2  3  4  5  6  7  8  9 10 11 |
---------------+----------------------------------+-----
Axes           | 4 5 6 7 8 9 |  9.0
Fighting       | 4 5 6 7 9 10 | 10.3
Throwing       | 1 2 3 4 6 7 8 |  8.5
Armour         | 3 4 5 6 8 9 |  9.3
Dodging        | 3 4 5 7 8 |  8.6
Shields        | 2 4 6 8 9 |  9.6

Action                   |  1- 3 |  4- 6 |  7- 9 | 10-12 || total
-------------------------+-------+-------+-------+-------++-------
Melee: Hand axe          |    58 |   113 |   217 |       ||   388
       Headbutt          |     7 |    15 |    76 |    54 ||   152
       War axe           |       |       |   120 |   275 ||   395
Throw: Boomerang         |    19 |     7 |    15 |     9 ||    50
Invok: Berserk           |     1 |     4 |     4 |     9 ||    18
       Trog's Hand       |     1 |     1 |       |       ||     2
  Use: Scroll            |       |       |     4 |     2 ||     6
 Stab: Sleeping          |       |     2 |       |       ||     2
  Eat: Chunk             |     2 |    10 |    16 |    17 ||    45
Armor: Animal skin       |     6 |     5 |       |       ||    11
       Plate armour      |       |    61 |   226 |   152 ||   439
Dodge: Dodged            |    46 |    36 |   174 |   177 ||   433
Block: Buckler           |       |       |       |    80 ||    80
